Map: Corrosion EC

Players

Manuc - Winner!

  • Race: Zerg Zerg
  • League: Gold
  • Spawn Location: 11:00

IA (très facile)

  • Race: Protoss Protoss
  • Spawn Location: 5:00

VOD

Have the link to the VOD?

Description

Time

  • Played on: May 8, 2018, midnight
  • Length: 5:49
Show
View Real Time Build Order
Export as new Build Order

Manuc Zerg - Winner!

Build Orders: Pool First 

Get SALT Encoding   

  12  0:01  Drone  
  13  0:13  Overlord  
  13  0:25  Drone  
  14  0:32  Drone  
  15  0:39  Spawning Pool  
  15  0:42  Drone  
  15  0:46  Drone  
  16  0:53  Drone  
  17  0:58  Drone  
  17  1:03  Extractor  
  17  1:19  Hatchery  
  16  1:31  Queen  
  18  1:38  Zergling x4  
  20  1:49  Drone  
  20  1:51  Drone  
  22  2:00  Overlord  
  22  2:16  Metabolic Boost  
  22  2:32  Queen  
  22  2:36  Roach Warren  
  23  2:40  Drone x2  
  23  2:41  Drone  
  26  2:49  Drone x2  
  28  2:52  Overlord  
  28  2:57  Overlord  
  28  3:15  Drone  
  28  3:16  Drone  
  28  3:19  Roach  
  34  3:20  Roach x3  
  38  3:28  Roach  
  38  3:32  Roach  
  42  3:40  Drone x4  
  46  3:47  Drone  
  46  3:48  Drone  
  48  3:50  Drone x2  
  48  3:53  Drone  
  51  3:56  Drone  
  51  4:01  Overlord  
  52  4:06  Overlord  
  52  4:17  Lair  
  52  4:20  Extractor  
  52  4:22  Drone  
  52  4:26  Drone  
  53  4:37  Evolution Chamber  
  52  4:38  Evolution Chamber  
  52  4:45  Drone x3  
  53  4:50  Hatchery  
  52  5:13  Extractor x2  
  50  5:22  Drone x2  
  50  5:23  Drone x2  
  54  5:29  Drone x4  
  54  5:30  Drone x2  
Show
View Real Time Build Order
Export as new Build Order

IA (très facile) Protoss 

Build Orders:  

Get SALT Encoding   

  12  0:00  Probe  
  13  0:13  Probe  
  14  0:20  Pylon  
  14  0:36  Assimilator  
  14  0:42  Gateway  
  14  0:45  Pylon  
  14  1:15  Assimilator  
  14  1:17  Probe  
  14  1:25  Probe  
  16  1:33  Probe  
  16  1:34  Cybernetics Core  
  17  1:43  Probe  
  18  1:54  Probe  
  18  2:00  Warp Gate  
  19  2:02  Probe  
  20  2:10  Stalker  
  22  4:55  Stalker  
  22  5:04  Probe  
  20  5:07  Pylon  
  20  5:12  Probe  
  14  5:21  Probe  
  12  5:24  Stalker  
  13  5:33  Probe  
  8  5:38  Robotics Facility  
Tags
 
League
Gold
Matchup
PvZ
Opening
Pool First
Spawn Locations
Cross Positions
Add a new tag
Caveats
  • Supply blocks, unpowered buildings, or Contaminate may cause inaccurate times.
  • Supply counts are checked every 10 seconds.